 Dungeon Crawl Stone Soup version 0.30-a0-757-ga6a79fd877 (webtiles) character file.

Game seed: 11665400664011851172

659 Newt the Skirmisher (level 7, -10/44 HPs)
             Began as a Kobold Hunter on Feb 9, 2023.
             Mangled by an ogre
             ... wielding a +0 giant club
              (18 damage)
             ... on level 6 of the Dungeon.
             The game lasted 00:02:57 (3783 turns).

Newt the Skirmisher (Kobold Hunter)                 Turns: 3783, Time: 00:02:58

Health: -10/44     AC:  4    Str:  8    XL:     7   Next: 86%
Magic:  7/7        EV: 21    Int: 11    God:
Gold:   928        SH:  0    Dex: 26    Spells: 6/6 levels left

rFire   . . .      SeeInvis .    m - +1 triple crossbow (heavy)
rCold   . . .      Faith    .    (shield currently unavailable)
rNeg    . . .      Spirit   .    c - +0 leather armour
rPois   .          Reflect  .    (no helmet)
rElec   .          Harm     .    (no cloak)
rCorr   .          Rampage  .    (no gloves)
Will    .....                    w - +0 pair of boots
Stlth   +++                      (no amulet)
HPRegen 0.27/turn                v - +5 ring of evasion
MPRegen 0.10/turn                h - +6 ring of dexterity

@: lethally poisoned (-10 -> -11), marked
A: small, no large weapons, nightstalker 3
a: no special abilities


You were on level 6 of the Dungeon.
You visited 1 branch of the dungeon, and saw 6 of its levels.

You collected 928 gold pieces.

Inventory:

Hand Weapons
 a - a +0 shortbow
 m - a +1 heavy triple crossbow (weapon)
Armour
 c - a +0 leather armour (worn)
 w - a +0 pair of boots (worn)
Jewellery
 f - a ring of positive energy
 h - a +6 ring of dexterity (right hand)
 v - a +5 ring of evasion (left hand)
Scrolls
 b - 2 scrolls of immolation
 e - 3 scrolls of vulnerability
 i - 2 scrolls of identify
 n - 3 scrolls of fog
 o - a scroll of magic mapping {unknown}
 q - a scroll of enchant armour {unknown}
 r - a scroll of teleportation
Potions
 d - a potion of berserk rage
 g - 2 potions of curing
 j - a potion of magic {unknown}
 k - a potion of heal wounds {unknown}
 l - a potion of mutation {unknown}
 p - a potion of might {unknown}
 s - a potion of brilliance {unknown}
 t - a potion of invisibility {unknown}
 u - a potion of cancellation {unknown}
 x - a potion of haste {unknown}


   Skills:
 - Level 5.0 Fighting
 - Level 10.0 Ranged Weapons
 + Level 3.6 Dodging
 - Level 1.3 Stealth


You had 6 spell levels left.
You didn't know any spells.
Your spell library contained the following spells:

 Spells                   Type           Power      Damage    Failure   Level
 Beastly Appendage        Tmut           0%         N/A       45%         1
 Slow                     Hex            0%         N/A       45%         1
 Cigotuvi's Dreadful Rot  Necr/Pois/Air  0%         N/A       61%         2
 Poisonous Vapours        Pois/Air       0%         N/A       61%         2
 Wereblood                Tmut           0%         N/A       61%         2
 Confusing Touch          Hex            0%         N/A       83%         3
 Dazzling Flash           Conj/Hex       0%         N/A       83%         3
 Gell's Gravitas          Tloc           0%         N/A       83%         3
 Mephitic Cloud           Conj/Pois/Air  0%         N/A       83%         3
 Spider Form              Tmut/Pois      0%         N/A       83%         3
 Teleport Other           Tloc           0%         N/A       83%         3
 Tukima's Dance           Hex            0%         N/A       83%         3
 Vampiric Draining        Necr           0%         2d6       83%         3
 Iskenderun's Mystic Bla  Conj/Tloc      0%         2d3       99%         4
 Passage of Golubria      Tloc           0%         N/A       99%         4
 Yara's Violent Unravell  Hex/Tmut       0%         3d3       100%        5
 Dispersal                Tloc           0%         N/A       100%        6
 Starburst                Conj/Fire      0%         6d3       100%        6


Dungeon Overview and Level Annotations

Branches:
Dungeon (6/15)
 Temple: D:4-7

Altars:
Ashenzari
Dithmenos
Elyvilon
Nemelex Xobeh
Okawaru
Sif Muna
Vehumet
Xom
The Shining One

Shops:
D:2 :


Innate Abilities, Weirdness & Mutations

You are small and have problems with some larger weapons.
You are completely attuned to the shadows.


Message History

A scorpion comes into view.
An ogre comes into view. It is wielding a +0 giant club.
The iguana misses you.
An iguana comes into view.
The iguana completely misses you.
The iguana bites you but does no damage.
The shadow imp closely misses you.
You shoot a bolt. The bolt closely misses the iguana.
The scorpion closely misses you. The iguana misses you.
The shadow imp misses you. The scorpion misses you.
A necrophage comes into view.
The ogre completely misses you. The iguana completely misses you.
The shadow imp closely misses you. The scorpion stings you.
You are poisoned.
The scorpion poisons you!
A phantom comes into view.
The iguana completely misses you. The shadow imp hits you.
Unknown command.
You shoot a bolt. The bolt hits the ogre.
The ogre is lightly wounded.
You feel very sick.
The scorpion stings you but does no damage.
The ogre hits you with a +0 giant club! The scorpion misses you.
The iguana closely misses you. The shadow imp completely misses you.
The scorpion completely misses you. The iguana closely misses you.
The ogre completely misses you. The shadow imp misses you.
You shoot a bolt. The bolt hits the ogre.
The ogre is moderately wounded.
You feel very sick. The scorpion barely misses you.
A kobold brigand comes into view.
It is wielding a +0 short sword and quivering poisoned darts.
The iguana closely misses you. The shadow imp closely misses you.
The scorpion closely misses you. The ogre closely misses you.
The iguana bites you!
* * * LOW HITPOINT WARNING * * *
The shadow imp misses you.
A kobold comes into view.
It is wielding a +1 whip of draining and quivering poisoned darts.
The scorpion completely misses you.
The ogre hits you with a +0 giant club!!
You die...

......?
......#
...W..###
...sn....
K.l5@O...
#####l>##
#K.. ...
.> .#..
#...#
...##
....#


You could see a kobold brigand, an ogre, a necrophage, a phantom, a scorpion, 2
iguanas, a shadow imp and a kobold.

Vanquished Creatures
  Sigmund (D:2)
  A black bear (D:6)
  An ogre (D:4)
  3 hounds (D:5)
  A jelly (D:5)
  2 iguanas
  A gnoll (D:1)
  5 adders
  2 white imps
  2 ufetubi
  A worm (D:3)
  3 dart slugs
  An orc (D:5)
  5 ball pythons
  7 endoplasms
  7 giant cockroaches
  4 goblins
  11 hobgoblins
  7 kobolds
  A quokka (D:3)
  3 bats
  7 frilled lizards
  6 rats
82 creatures vanquished.

Notes
Turn   | Place    | Note
-------+----------+-------------------------------------------
     0 | D:1      | Newt the Kobold Hunter began the quest for the Orb.
     0 | D:1      | Reached XP level 1. HP: 12/12 MP: 1/1
   134 | D:1      | Reached XP level 2. HP: 18/18 MP: 2/2
   456 | D:1      | Reached XP level 3. HP: 24/24 MP: 3/3
   878 | D:2      | Identified 2 scrolls of acquirement
   878 | D:2      | Acquired a +0 heavy triple crossbow
   881 | D:2      | Acquired 688 gold pieces
  1024 | D:2      | Reached XP level 4. HP: 26/30 MP: 4/4
  1248 | D:2      | Found Firiec Ezia's Book Boutique.
  1262 | D:2      | Noticed Sigmund
  1263 | D:2      | Killed Sigmund
  1264 | D:2      | Reached skill level 5 in Fighting
  1264 | D:2      | Reached skill level 7 in Ranged Weapons
  1264 | D:2      | Reached XP level 5. HP: 35/35 MP: 5/5
  1264 | D:2      | Reached XP level 6. HP: 40/40 MP: 6/6
  1384 | D:2      | Identified the +2 whip "Zimmus" {freeze, Str+3 Int+6
                  | Stlth-}
  2224 | D:4      | Noticed an ogre
  2225 | D:4      | Killed an ogre
  2226 | D:4      | Reached skill level 8 in Ranged Weapons
  2532 | D:4      | Reached XP level 7. HP: 43/44 MP: 7/7
  2671 | D:4      | Found a shimmering altar of Xom.
  2795 | D:4      | Found a radiant altar of Vehumet.
  3020 | D:5      | Entered Level 5 of the Dungeon
  3044 | D:5      | Reached skill level 9 in Ranged Weapons
  3222 | D:5      | Found a broken altar of Ashenzari.
  3224 | D:5      | Found a glowing golden altar of the Shining One.
  3225 | D:5      | Found a white marble altar of Elyvilon.
  3226 | D:5      | Found an iron altar of Okawaru.
  3226 | D:5      | Found a shadowy altar of Dithmenos.
  3226 | D:5      | Found a sparkling altar of Nemelex Xobeh.
  3228 | D:5      | Found a shimmering blue altar of Sif Muna.
  3769 | D:6      | Reached skill level 10 in Ranged Weapons
  3783 | D:6      | Mangled by an ogre

Illustrated notes

Levels and vault maps discovered:
D:1:      ebering_trefoil_twist, layout_loops_ring
D:2:      layout_loops_ring, serial_shops, shop, uniq_sigmund
D:3:      layout_basic
D:4:      layout_cave_pods, mainiacjoe_overflow_24_doors,
          nicolae_overflow_crystal_walls
D:5:      layout_basic, minitemple, hangedman_decor_lopped,
          kennysheep_generic_room_6
D:6:      layout_cave_pools, nicolae_hepliaklqana_hippocampus,
          roderic_serpentine_path

Skill      XL: |  1  2  3  4  5  6  7 |
---------------+----------------------+-----
Fighting       | 3 4 5 |  5.0
Ranged Weapons | 7 8 10 | 10.0
Dodging        | 3 |  3.6
Stealth        | |  1.3

Action                     |  1- 3 |  4- 6 |  7- 9 || total
---------------------------+-------+-------+-------++-------
   Fire: Shortbow          |    60 |       |       ||    60
         Triple crossbow   |    12 |    51 |    22 ||    85
    Use: Scroll            |     7 |     3 |     1 ||    11
 Armour: Leather armour    |     5 |     4 |     3 ||    12
  Dodge: Dodged            |    41 |    18 |    45 ||   104

Table legend: (Time is in decaauts)
 A = Elapsed time spent in this place.
 B = Non-inter-level travel time spent in this place.
 C = Inter-level travel time spent in this place.
 D = Time resting spent in this place.
 E = Time spent auto-exploring this place.
 F = Levels seen in this place.
 G = Mean time per level.
                   A        B        C        D        E       F      G
               +--------+--------+--------+--------+--------+-----+--------+
         Total |   3956 |   3853 |    103 |     24 |   3331 |   6 |  659.3 |
       Dungeon |   3956 |   3853 |    103 |     24 |   3331 |   6 |  659.3 |
               +--------+--------+--------+--------+--------+-----+--------+

Top non-repeatable levels by time:
     D:4: 908 daAuts
     D:2: 897 daAuts
     D:1: 893 daAuts
     D:5: 761 daAuts
     D:3: 459 daAuts
     D:6: 35 daAuts
